 Dungeon Crawl Stone Soup version 0.24-a0-640-ge7cd8ce796 (webtiles) character file.

Game seed: 14846183896490228250, levelgen mode: deterministic

280 Kairok the Sneak (level 6, 0/32 HPs)
             Began as a Vine Stalker Assassin on Sept 25, 2019.
             Succumbed to an adder's poison
             ... while paralysed
             ... on level 3 of the Dungeon.
             The game lasted 00:04:40 (1583 turns).

Kairok the Sneak (Vine Stalker Assassin)            Turns: 1583, Time: 00:04:41

Health: 0/32       AC:  8    Str: 14    XL:     6   Next: 27%
Magic:  3/7        EV:  2    Int: 11    God:
Gold:   100        SH:  0    Dex: 17    Spells: 5/5 levels left

rFire    . . .     SeeInvis .   a - +2 dagger
rCold    . . .     Gourm    .   (no shield)
rNeg     . . .     Faith    .   k - +0 scale mail
rPois    .         Spirit   +   b - +0 helmet (curse)
rElec    .         Reflect  .   c - +0 cloak
rCorr    .         Harm     .   (no gloves)
MR       .....                  (no boots)
Stlth    ++........             (no amulet)
HPRegen  0.50/turn              (no ring)
MPRegen  0.10/turn              (no ring)

@: paralysed, lethally poisoned (0 -> -1), berserk cooldown, slowed
A: fangs 2, regeneration 1, magic shield, antimagic bite, no potion heal 3, rot
immunity
a: no special abilities


You were on level 3 of the Dungeon.
You were not hungry.

You visited 1 branch of the dungeon, and saw 3 of its levels.

You collected 100 gold pieces.

Inventory:

Hand Weapons
 a - a +2 dagger (weapon)
Missiles
 d - 25 poisoned darts (quivered)
 e - 2 curare-tipped darts
Armour
 b - a cursed +0 helmet (worn)
 c - a +0 cloak (worn)
 k - a +0 scale mail (worn)
Scrolls
 g - a scroll of magic mapping
 j - 2 scrolls of immolation
Potions
 i - a potion of ambrosia {unknown}
 l - a potion of invisibility
 m - a potion of berserk rage
Comestibles
 f - 6 rations


   Skills:
 + Level 2.4 Fighting
 + Level 3.1 Short Blades
 + Level 2.1 Throwing
 + Level 1.8 Armour
 + Level 1.7 Dodging
 + Level 6.5 Stealth


You had 5 spell levels left.
You didn't know any spells.
Your spell library was empty.

Dungeon Overview and Level Annotations

Branches:
Dungeon (3/15)

Altars:
Ashenzari
Nemelex Xobeh
Ru
Sif Muna
Trog


Innate Abilities, Weirdness & Mutations

You have extremely sharp teeth.
Your natural rate of healing is unusually fast.
When hurt, damage is shared between your health and your magic reserves.
Your bite disrupts and absorbs the magic of your enemies.
Potions cannot restore your health.
You are immune to rotting.


Message History

You feel sick.
You hit the giant cockroach.
You kill the giant cockroach!
Things that are here:
a +0 trident; an orc corpse You feel a strong urge to attack something.
You feel sick. The worker ant bites you.
* * * LOW HITPOINT WARNING * * *
You closely miss the worker ant.
You bite the worker ant, but do no damage.
You hit the worker ant. You bite the worker ant. You drain its power.
You feel invigorated.
The worker ant is severely wounded.
You are no longer berserk.
You pass out from exhaustion.
You feel yourself slow down.
The worker ant bites you but does no damage.
The orc hits you from afar with a +0 trident.
* * * LOW HITPOINT WARNING * * *
You die...

#....###.........#*,
*#.#...###(.....##*,
#.*#KK..oK....## *,
#.##o#####....#* *,
*..#.# #..$..#**,
*#.#K# ###.#.#*,,
#.#o# *?#.#*,* #)a)#
*.#,#*,* #@###
*,*,**,* #.#
*,,,**,, #.#
***,**,* #.#
****,**,* #.#
*,,,,,,,* #.#
*,,,,,,,*
#.#*******,,,,,,,*
#..,,,,<,,,,,,,,,,
*,********<,,,,,,,


You could see a worker ant, an orc and a kobold.

Vanquished Creatures
  An orc priest (D:3)
  An orc wizard (D:3)
  Terence (D:2)
  Natasha (thrice) (D:2)
  3 gnolls (D:2)
  4 adders
  2 worms (D:2)
  2 dart slugs (D:1)
  A leopard gecko (D:1)
  3 orcs (D:3)
  6 bats
  A bat zombie (D:1)
  3 giant cockroaches
  7 goblins
  6 hobgoblins
  3 kobolds
  A quokka (D:2)
  3 frilled lizards
  A jackal zombie (D:1)
52 creatures vanquished.

Notes
Turn   | Place    | Note
-------+----------+-------------------------------------------
     0 | D:1      | Kairok the Vine Stalker Assassin began the quest for the
                  | Orb.
     0 | D:1      | Reached XP level 1. HP: 11/11 MP: 2/2
    24 | D:1      | Reached skill level 5 in Stealth
    78 | D:1      | Reached XP level 2. HP: 8/15 MP: 3/3
   186 | D:1      | Reached skill level 1 in Dodging
   479 | D:1      | Reached XP level 3. HP: 18/18 MP: 4/4
   801 | D:2      | Noticed Natasha
   814 | D:2      | Killed Natasha
   814 | D:2      | Reached skill level 6 in Stealth
   828 | D:2      | Gained mutation: Your natural rate of healing is unusually
                  | fast. [Vine Stalker growth]
   828 | D:2      | Reached XP level 4. HP: 7/23 MP: 3/5
   873 | D:2      | Noticed Terence
   916 | D:2      | Killed Terence
   983 | D:2      | Reached XP level 5. HP: 17/26 MP: 6/6
   992 | D:2      | Reached skill level 1 in Armour
  1013 | D:2      | Noticed Natasha
  1032 | D:2      | Killed Natasha
  1092 | D:2      | Found a bloodstained altar of Trog.
  1098 | D:2      | Found a sparkling altar of Nemelex Xobeh.
  1101 | D:2      | Found a shimmering blue altar of Sif Muna.
  1114 | D:2      | Found a shattered altar of Ashenzari.
  1228 | D:2      | Noticed Natasha
  1245 | D:2      | Killed Natasha
  1386 | D:2      | Found a sacrificial altar of Ru.
  1567 | D:3      | Reached XP level 6. HP: 14/32 MP: 2/7
  1582 | D:3      | HP: 1/32 [orc/+0 trident (2)]
  1583 | D:3      | Succumbed to an adder's poison

Levels and vault maps discovered:
D:1:      saegor_arrival_fortress, layout_basic
D:2:      layout_rooms, lemuel_round_altar, nicolae_overflow_quartered_altars,
          uniq_natasha, uniq_terence
D:3:      layout_loops_ring, old_standard_altar, serial_bayou_ford_a,
          kennysheep_big_empty_room, minmay_randomly_rotated_circles,
          uniq_jessica

Skill      XL: |  1  2  3  4  5 |
---------------+----------------+-----
Stealth        | 5 6 |  6.5
Dodging        | 1 |  1.7
Fighting       | 2 |  2.4
Short Blades   | 2 3 |  3.1
Throwing       | 2 |  2.1
Armour         | 1 |  1.8

Action                   |  1- 3 |  4- 6 || total
-------------------------+-------+-------++-------
Melee: Dagger            |    65 |   143 ||   208
       Bite              |    22 |    41 ||    63
Throw: Dart              |       |    12 ||    12
  Use: Scroll            |     4 |     2 ||     6
       Potion            |       |     1 ||     1
 Stab: Sleeping          |     4 |     4 ||     8
  Eat: Chunk             |       |     2 ||     2
Armor: Robe              |     1 |       ||     1
       Scale mail        |    22 |    68 ||    90
       Leather armour    |     7 |       ||     7
Dodge: Dodged            |    34 |    65 ||    99

Table legend:
 A = Non-vault XP
 B = Vault XP
 C = Vault XP percentage of total XP
 D = Non-vault monster count
 E = Vault monster count
 F = Vault count percentage of total count
                 A         B        C        D         E       F
            +---------+---------+-------+---------+---------+-------
      Total |     311 |      90 |  22.4 |      46 |       6 |  11.5
            +---------+---------+-------+---------+---------+-------
        D:1 |      39 |       3 |   7.1 |      19 |       2 |   9.5
        D:2 |     181 |      71 |  28.2 |      22 |       2 |   8.3
        D:3 |      91 |      16 |  15.0 |       5 |       2 |  28.6
            +---------+---------+-------+---------+---------+-------
